 Dungeon Crawl Stone Soup version 0.19-a0-1637-gfc13266 (webtiles) character file.

6787 4thArraOfDagon the Grappler (level 10, -3/91 HPs)
             Began as a Troll Warper on Sept 19, 2016.
             Was an Elder of Kikubaaqudgha.
             Slain by a warg (10 damage)
             ... on level 2 of the Orcish Mines.
             The game lasted 00:16:14 (3577 turns).

4thArraOfDagon the Grappler (Troll Warper)          Turns: 3577, Time: 00:16:15

Health: -3/91      AC: 11    Str: 21    XL:     10   Next: 76%
Magic:  11/11      EV: 10    Int: 10    God:    Kikubaaqudgha [****..]
Gold:   874        SH:  0    Dex:  9    Spells: 4 memorised, 3 levels left

rFire  . . .     SeeInvis +       - Unarmed
rCold  . . .     Gourm    +     m - +2 robe {MR+}
rNeg   . . .     Faith    .     (no shield)
rPois  .         Spirit   .     (helmet restricted)
rElec  .         Dismiss  .     (no cloak)
rCorr  .         Reflect  .     (gloves unavailable)
MR     +....     Harm     .     (boots unavailable)
Stlth  +......... Rnd*Tele +    p - amulet of rage
                                q - ring of teleportation (curse)
                                n - ring of see invisible

@: exhausted, slowed, very slow
A: unfitting armour, claws 3, rugged brown scales 2, thin metallic scales 1,
deterioration 1, dopey 1, fast metabolism 3, gourmand, low mp 1, regeneration 1,
shaggy fur 1, tough skin 2, no device heal 1
a: Receive Corpses, Renounce Religion, Evoke Berserk Rage


You were on level 2 of the Orcish Mines.
You worshipped Kikubaaqudgha.
Kikubaaqudgha was greatly pleased with you.
You were full.

You visited 2 branches of the dungeon, and saw 13 of its levels.

You collected 874 gold pieces.

Inventory:

Hand Weapons
 x - a +0 giant spiked club
Missiles
 d - 5 tomahawks of dispersal (quivered)
Armour
 a - a +1 robe
 m - a +2 robe of magic resistance (worn)
Jewellery
 l - a +4 ring of intelligence
 n - a ring of see invisible (left claw)
 p - an amulet of rage (around neck)
 q - a cursed ring of teleportation (right claw)
 t - an uncursed ring of ice
 y - an uncursed amulet of guardian spirit
Wands
 h - a wand of disintegration (24/24)
 i - a wand of digging (15/24)
Scrolls
 b - 2 scrolls of enchant armour
 c - a scroll of blinking
 e - 2 scrolls of recharging
 j - a scroll of amnesia
 s - 3 scrolls of teleportation
 v - a scroll of identify
Potions
 k - a potion of flight
 u - a potion of curing
 w - a potion of brilliance {unknown}
Books
 g - Kikubaaqudgha's Grimoire of Evil
   (Kikubaaqudgha gifted it to you on level 4 of the Dungeon)

   Spells                             Type                      Level
   a - Animate Skeleton               Necromancy                   1
   b - Corpse Rot                     Necromancy                   2
   c - Sublimation of Blood           Necromancy                   2
   d - Regeneration                   Charms/Necromancy            3
   e - Control Undead                 Necromancy                   4
Comestibles
 f - 7 bread rations
 r - 5 meat rations


   Skills:
 + Level 2.2 Fighting
 - Level 0.8 Throwing
 + Level 2.5 Dodging
 * Level 14.0 Unarmed Combat
 + Level 1.6 Spellcasting
 * Level 2.2 Necromancy
 - Level 2.1 Translocations
 - Level 4.7 Evocations


You had 3 spell levels left.
You knew the following spells:

 Your Spells              Type           Power        Failure   Level  Hunger
a - Apportation           Tloc           #.........   14%         1    ##.....
b - Passage of Golubria   Tloc           N/A          96%         4    #####..
c - Blink                 Tloc           N/A          21%         2    ###....
d - Sublimation of Blood  Necr           #.........   21%         2    ###....


Dungeon Overview and Level Annotations

Branches:
Dungeon (11/15)              Lair (0/6) D:10            Orc (2/2) D:10
    Elf (0/3) Orc:2
 Temple: D:4-7

Altars:
Ashenzari
Cheibriados
Dithmenos
Fedhas
Hepliaklqana
Kikubaaqudgha
Okawaru
Ru
Uskayaw
Vehumet

Shops:
Orc:1 }*

Annotations:
D:8 Grum


Innate Abilities, Weirdness & Mutations

You are too large for most types of armour.
You have claws for hands.
Your metabolism is lightning-fast.
You like to eat raw meat.
Your natural rate of healing is unusually fast.
You are covered in fur. (AC +1)
You have very tough skin. (AC +2)
You are mostly covered in rugged brown scales. (AC +2, +5% HP)
You are partially covered in thin metallic scales. (AC +2)
Your body sometimes deteriorates upon taking damage.
You are dopey. (Int -2)
Your magical capacity is low. (-10% MP)
Potions and wands are less effective at restoring your health.


Message History

You closely miss the warg. Your claw misses the warg.
The warg is almost dead.
Unknown command.
You completely miss the warg.
The warg is almost dead.
You are no longer berserk.
You pass out from exhaustion.
You feel yourself slow down. The warg bites you.
* * * LOW HITPOINT WARNING * * *
The warg bites you!
* * * LOW HITPOINT WARNING * * *
You can move again.
Unknown command.
Unknown command.
Unknown command.
You closely miss the warg. Your claw misses the warg.
The warg is almost dead.
The warg bites you!
You die...
Kikubaaqudgha rasps: "You have failed me!
Welcome... death!"

#...........)#......
##........(........#
#..................#
##...........#......
##............#....#
#..................#
#..................
##..h#..............
#..@#........ ...#
##.###.#..... ##.##
#...... #...# ......
##.## ...... ###
...#.$


You could see a warg.

Vanquished Creatures
  2 hill giants (D:10)
  Pikel (D:4)
  An orc knight (Orc:2)
  A deep elf mage (D:10)
  A troll (Orc:2)
  Grinder (D:4)
  Sigmund (D:5)
  A human (D:10)
  Menkaure (D:6)
  A warg (Orc:1)
  Duvessa (D:7)
  A slave (D:4)
  4 orc warriors
  An ice beast (D:7)
  3 necrophages
  A sky beast (D:6)
  2 wolves (D:9)
  3 centaurs (D:6)
  5 ogres
  Blork the orc (D:5)
  2 bullfrogs
  Dowan (D:7)
  2 scorpions
  3 killer bees (D:9)
  A howler monkey (D:6)
  5 wights (D:7)
  6 crimson imps
  A bullfrog zombie (D:8)
  A jelly (D:8)
  5 hounds
  6 orc wizards
  An orc priest (Orc:1)
  Ijyb (D:3)
  3 iguanas
  A statue (D:4)
  5 worker ants
  A hound skeleton (D:4)
  A hound zombie (D:5)
  Robin (D:4)
  A worker ant zombie (D:10)
  6 gnolls
  A howler monkey skeleton (D:8)
  6 adders
  3 adder skeletons
  A dart slug (D:2)
  2 leopard geckos
  22 orcs
  A bat (D:2)
  2 giant cockroaches
  12 goblins
  9 hobgoblins
  8 jackals (D:5)
  A quokka (D:10)
  A ball python (D:2)
  2 frilled lizards (D:4)
  2 kobolds
  A leopard gecko skeleton (D:5)
  A quokka skeleton (D:5)
  3 rats (D:3)
165 creatures vanquished.

Notes
Turn   | Place    | Note
-------+----------+-------------------------------------------
     0 | D:1      | 4thArraOfDagon the Troll Warper began the quest for the Orb.
     0 | D:1      | Reached XP level 1. HP: 19/19 MP: 1/1
    69 | D:2      | You fall through a shaft!
    77 | D:3      | Found a sacrificial altar of Ru.
    81 | D:3      | Became a worshipper of Ru the Awakened
    97 | D:4      | Noticed a slave
   100 | D:4      | Found a radiant altar of Vehumet.
   100 | D:4      | Noticed a charred statue
   134 | D:4      | Reached XP level 2. HP: 12/27 MP: 2/2
   173 | D:4      | Reached skill level 3 in Unarmed Combat
   232 | D:4      | Reached XP level 3. HP: 25/33 MP: 3/3
   233 | D:4      | Reached skill level 4 in Unarmed Combat
   238 | D:4      | Reached XP level 4. HP: 34/41 MP: 4/4
   307 | D:4      | Noticed Grinder
   321 | D:4      | Reached skill level 5 in Unarmed Combat
   334 | D:4      | Killed Grinder
   334 | D:4      | Reached skill level 6 in Unarmed Combat
   334 | D:4      | Reached XP level 5. HP: 9/48 MP: 5/5
   334 | D:4      | Reached XP level 6. HP: 10/55 MP: 6/6
   345 | D:4      | Found a shadowy altar of Dithmenos.
   419 | D:4      | Found an ancient bone altar of Kikubaaqudgha.
   419 | D:4      | Found a shattered altar of Ashenzari.
   470 | D:4      | Fell from the grace of Ru
   470 | D:4      | Became a worshipper of Kikubaaqudgha
   534 | D:3      | Noticed Ijyb
   538 | D:3      | Killed Ijyb
   559 | D:3      | Reached skill level 7 in Unarmed Combat
   798 | D:4      | Noticed Robin
   813 | D:4      | Killed Robin
   824 | D:4      | Noticed a slave
   824 | D:4      | Reached * piety under Kikubaaqudgha
   824 | D:4      | Identified Kikubaaqudgha's Grimoire of Evil (Kikubaaqudgha gifted it to you on level 4 of the Dungeon)
   824 | D:4      | Received a gift from Kikubaaqudgha
   827 | D:4      | Noticed Pikel
   829 | D:4      | Noticed a slave
   834 | D:4      | Noticed a slave
   868 | D:4      | Reached XP level 7. HP: 45/62 MP: 7/7
   924 | D:4      | Killed Pikel
   924 | D:4      | Reached skill level 9 in Unarmed Combat
   924 | D:4      | Reached XP level 8. HP: 23/70 MP: 8/8
  1071 | D:5      | Entered Level 5 of the Dungeon
  1071 | D:5      | Noticed Blork the orc
  1136 | D:5      | Killed Blork the orc
  1199 | D:5      | Learned a level 4 spell: Passage of Golubria
  1202 | D:5      | Learned a level 2 spell: Blink
  1207 | D:5      | Learned a level 2 spell: Sublimation of Blood
  1210 | D:5      | Found a snail-covered altar of Cheibriados.
  1238 | D:5      | Reached skill level 10 in Unarmed Combat
  1241 | D:5      | Reached ** piety under Kikubaaqudgha
  1309 | D:5      | Noticed Sigmund
  1319 | D:5      | Killed Sigmund
  1395 | D:5      | Gained mutation: You are weak. (Str -2) [potion of mutation]
  1395 | D:5      | Gained mutation: You are very weak. (Str -4) [potion of mutation]
  1396 | D:5      | Gained mutation: You are partially covered in rugged brown scales. (AC +1, +3% HP) [potion of mutation]
  1396 | D:5      | Gained mutation: You are mostly covered in rugged brown scales. (AC +2, +5% HP) [potion of mutation]
  1432 | D:5      | Found an iron altar of Okawaru.
  1442 | D:5      | Reached skill level 11 in Unarmed Combat
  1779 | D:6      | Noticed Menkaure
  1782 | D:6      | Killed Menkaure
  1782 | D:6      | Reached skill level 1 in Evocations
  1805 | D:6      | Reached XP level 9. HP: 58/79 MP: 9/9
  1811 | D:6      | Gained mutation: You are dopey. (Int -2) [mutagenic meat]
  1814 | D:6      | Gained mutation: Potions and wands are less effective at restoring your health. [mutagenic meat]
  1820 | D:6      | Lost mutation: You are very weak. (Str -4) [mutagenic meat]
  1823 | D:6      | Lost mutation: You are weak. (Str -2) [mutagenic meat]
  2118 | D:7      | Reached *** piety under Kikubaaqudgha
  2118 | D:7      | Identified Kikubaaqudgha's Volume of Sinister Arts (Kikubaaqudgha gifted it to you on level 7 of the Dungeon)
  2118 | D:7      | Received a gift from Kikubaaqudgha
  2118 | D:7      | Reached skill level 12 in Unarmed Combat
  2244 | D:7      | Found a hazy altar of Hepliaklqana.
  2314 | D:7      | Found a hide-covered altar of Uskayaw.
  2314 | D:7      | Noticed Dowan
  2315 | D:7      | Noticed Duvessa
  2325 | D:7      | Killed Duvessa
  2331 | D:7      | Killed Dowan
  2422 | D:8      | Noticed Grum
  2479 | D:9      | Found a blossoming altar of Fedhas.
  2690 | D:10     | Entered Level 10 of the Dungeon
  2764 | D:10     | Found a staircase to the Lair.
  2764 | D:10     | Noticed a hill giant
  2785 | D:10     | Reached skill level 13 in Unarmed Combat
  2793 | D:10     | Killed a hill giant
  2793 | D:10     | Reached XP level 10. HP: 89/89 MP: 10/12
  2830 | D:10     | Noticed a deep elf mage
  2851 | D:10     | Killed a deep elf mage
  2862 | D:10     | Noticed a hill giant
  2885 | D:10     | Found a staircase to the Orcish Mines.
  2913 | D:10     | Gained mutation: Your body sometimes deteriorates upon taking damage. [potion of mutation]
  2913 | D:10     | Gained mutation: Your magical capacity is low. (-10% MP) [potion of mutation]
  2913 | D:10     | Gained mutation: You are partially covered in thin metallic scales. (AC +2) [potion of mutation]
  2987 | D:10     | Killed a hill giant
  3068 | D:10     | Reached **** piety under Kikubaaqudgha
  3185 | Orc:1    | Entered Level 1 of the Orcish Mines
  3270 | Orc:1    | Found Kyonabel's Gadget Boutique.
  3305 | Orc:1    | Found Woyf's General Store.
  3366 | Orc:2    | Entered Level 2 of the Orcish Mines
  3367 | Orc:2    | Found a staircase to the Elven Halls.
  3373 | Orc:2    | Reached skill level 1 in Necromancy
  3435 | Orc:2    | Noticed an orc knight
  3447 | Orc:2    | Killed an orc knight
  3447 | Orc:2    | Reached skill level 14 in Unarmed Combat
  3577 | Orc:2    | Slain by a warg

Vault maps used:
D:1:      minmay_arrival_open_corners, minmay_tetromino_o2
D:2:      first_bread
D:3:      hangedman_ru_absence, goddamned_bats, uniq_iyjb
D:4:      vehumet_statue, nicolae_dithmenos_the_darkroom,
          gammafunk_temple_overflow_elements, uniq_grinder,
          uniq_crazy_yiuf_cottage, uniq_natasha, uniq_robin, uniq_pikel
D:5:      okawaru_altar_gauntlet_db, nicolae_overflow_hidden_temple,
          minivault_4, grunt_ministairs_10, uniq_sigmund, uniq_blork_the_orc
D:6:      uniq_menkaure
D:7:      lemuel_round_altar, minitemple, uniq_duvessa, uniq_joseph
D:8:      uniq_psyche, uniq_grum
D:9:      kennysheep_windowed_halls, lemuel_doored_altar, chei_slow_surprise
D:10:     lair_0_dummy, hangedman_stone_soup
D:11:     serial_shops, nicolae_shop_statue_plus, serial_bayou_pond_b,
          roderic_roman_lattice, uniq_urug
Orc:1:    serial_shops, nicolae_shop_statue_plus, shop
Orc:2:    st_orc_rangers

Skill      XL: |  1  2  3  4  5  6  7  8  9 10 |
---------------+-------------------------------+-----
Unarmed Combat | 3 4 6 7 9 11 13 14 | 14.0
Evocations     | 1 4 |  4.7
Dodging        | 2 |  2.5
Necromancy     | 2 |  2.2
Fighting       | 2 |  2.2
Throwing       | |  0.8
Spellcasting   | |  1.6
Translocations | |  2.1

Action                   |  1- 3 |  4- 6 |  7- 9 | 10-12 || total
-------------------------+-------+-------+-------+-------++-------
Melee: Unarmed           |    40 |   100 |   328 |    96 ||   564
       Punch             |       |     1 |    10 |     3 ||    14
 Abil: Evoke Berserk Rag |       |       |       |     2 ||     2
  Use: Scroll            |       |     3 |    10 |     2 ||    15
       Potion            |       |     2 |     4 |     1 ||     7
  Eat: Chunk             |     5 |     3 |    27 |     8 ||    43
Armor: Robe              |     6 |    34 |   129 |    23 ||   192
       Skin              |       |       |     7 |       ||     7
Dodge: Dodged            |    21 |    53 |   149 |    34 ||   257
